 Dungeon Crawl Stone Soup version 0.25.0-9-g26727b657a (webtiles) character file.

Game seed: 17392198744640678453

1349 nihilominus the Chopper (level 8, -1/73 HPs)
             Began as a Deep Dwarf Fighter on June 16, 2020.
             Was an Initiate of Makhleb.
             Slain by a sixfirhy (5 damage)
             ... on level 1 of the Abyss.
             The game lasted 00:11:25 (4250 turns).

nihilominus the Chopper (Deep Dwarf Fighter)        Turns: 4250, Time: 00:11:26

Health: -1/73      AC:  7    Str: 22    XL:     8   Next: 36%
Magic:  2/2        EV: 10    Int:  8    God:    Makhleb [......]
Gold:   268        SH: 10    Dex: 13    Spells: 7/7 levels left

rFire    + . .     SeeInvis .   a - +0 war axe
rCold    . . .     Gourm    .   c - +0 kite shield
rNeg     . . .     Faith    .   b - +0 scale mail
rPois    .         Spirit   .   (no helmet)
rElec    .         Reflect  .   (no cloak)
rCorr    .         Harm     .   (no gloves)
MR       +....                  (no boots)
Stlth    ..........             (no amulet)
HPRegen  0.00/turn              g - ring of protection from fire
MPRegen  0.08/turn              (no ring)

@: non-regenerating
A: damage resistance, heal wounds, sense surroundings 1, no regeneration
a: Heal Wounds, Renounce Religion


You were on level 1 of the Abyss.
You worshipped Makhleb.
Makhleb was noncommittal.
You were very hungry.

You visited 2 branches of the dungeon, and saw 6 of its levels.
You visited the Abyss 1 time.

You collected 268 gold pieces.

Inventory:

Hand Weapons
 a - a +0 war axe (weapon)
 l - a +2 spear of distortion
 q - a +0 spear of flaming
Missiles
 z - 3 silver javelins (quivered)
Armour
 b - a +0 scale mail (worn)
 c - a +0 kite shield (worn)
 r - a cursed +0 helmet
 s - a +0 helmet
 A - a +0 chain mail
Jewellery
 g - a ring of protection from fire (left hand)
 t - an uncursed ring of flight {unknown}
Wands
 v - a wand of digging (4)
Scrolls
 e - a scroll of enchant weapon {unknown}
 j - 2 scrolls of enchant armour {unknown}
 k - a scroll of amnesia {unknown}
 m - 5 scrolls of remove curse {unknown}
 n - 4 scrolls of teleportation {unknown}
 p - 2 scrolls of magic mapping {unknown}
 w - 3 scrolls of identify
 y - a scroll of noise {unknown}
Potions
 d - a potion of might
 h - a potion of flight {unknown}
 i - 2 potions of mutation {unknown}
 o - 2 potions of stabbing {unknown}
 u - a potion of magic {unknown}
 x - 2 potions of curing
Comestibles
 f - 9 rations


   Skills:
 + Level 4.7 Fighting
 * Level 6.7 Axes
 + Level 5.6 Armour
 + Level 4.0 Dodging
 + Level 5.9 Shields


You had 7 spell levels left.
You didn't know any spells.
Your spell library was empty.

Dungeon Overview and Level Annotations

Branches:
Dungeon (5/15)             Temple (1/1) D:5

Altars:
Cheibriados
Dithmenos
Elyvilon
Fedhas
Gozag
Hepliaklqana
Kikubaaqudgha
Makhleb
Nemelex Xobeh
Okawaru
Ru
Trog
Vehumet
Wu Jian
Xom
Yredelemnul
Zin

Annotations:
D:3 markt42's ghost, amateur GrFi


Innate Abilities, Weirdness & Mutations

You are resistant to damage.
You can heal yourself by infusing magical energy.
You passively map a small area around you.
You do not regenerate.


Message History

You are no longer poisoned.
A large abomination comes into view.
m - 4 scrolls labeled ROIBBE OSUNERPH (gained 1)
Found a scroll labeled ROIBBE OSUNERPH.
m - 5 scrolls labeled ROIBBE OSUNERPH (gained 1)
Found a club.
You start waiting.
A sixfirhy comes into view.
The sixfirhy hits you. The sixfirhy shocks you!
A sixfirhy is nearby!
The sixfirhy hits you! The sixfirhy shocks you! The sixfirhy hits you!
The sixfirhy shocks you!
* * * LOW HITPOINT WARNING * * *
The sixfirhy hits you!
* * * LOW HITPOINT WARNING * * *
The sixfirhy shocks you!
* * * LOW HITPOINT WARNING * * *
You block the sixfirhy's attack. The sixfirhy hits you!
You die...

# . # .##. #
## #..# .#
#.##..##..
###......
#......#..
#. #@.#. #
#.##3#.....#
#...#####..
#.....#. ..
. ###.#.#. #
..#.#...# .#
#.##.. #...
. .. ##..
#.# # # #..#
##


You could see a sixfirhy.

Vanquished Creatures
  Prince Ribbit (D:5)
  An ice beast (D:5)
  2 ogres (D:4)
  A phantom (D:4)
  A centaur (D:5)
  A scorpion (D:5)
  A howler monkey (D:4)
  A crimson imp (D:5)
  2 hounds
  2 orc priests
  A bullfrog skeleton (D:5)
  A gnoll shaman (D:4)
  2 iguanas
  3 orc wizards (D:4)
  3 worker ants
  6 adders
  7 gnolls (D:4)
  A worm (D:4)
  A dart slug (D:2)
  2 leopard geckos
  24 orcs
  7 bats
  14 giant cockroaches
  5 goblins
  4 hobgoblins
  4 jackals
  A quokka (D:5)
  6 frilled lizards
  A jackal zombie (D:5)
  8 kobolds
  10 rats
  A bush (D:4)
  3 plants (D:4)
128 creatures vanquished.

Notes
Turn   | Place    | Note
-------+----------+-------------------------------------------
     0 | D:1      | nihilominus the Deep Dwarf Fighter began the quest for the
                  | Orb.
     0 | D:1      | Reached XP level 1. HP: 20/20 MP: 1/1
   151 | D:1      | Reached XP level 2. HP: 24/27 MP: 2/2
   798 | D:2      | Reached XP level 3. HP: 32/34 MP: 3/3
   853 | D:2      | Reached skill level 3 in Axes
   993 | D:2      | Reached XP level 4. HP: 37/42 MP: 4/4
  1229 | D:2      | Found a glowing silver altar of Zin.
  1616 | D:3      | Reached skill level 1 in Dodging
  1618 | D:3      | Reached XP level 5. HP: 26/49 MP: 4/4
  1661 | D:3      | Found a hazy altar of Hepliaklqana.
  1730 | D:3      | Found a snail-covered altar of Cheibriados.
  1810 | D:3      | Found a runed translucent gate.
  1811 | D:3      | Found a runed translucent gate.
  1812 | D:3      | Noticed markt42's ghost (amateur GrFi)
  1816 | D:3      | Found a runed translucent gate.
  1996 | D:3      | Found a sparkling altar of Nemelex Xobeh.
  2212 | D:4      | Noticed an ogre
  2222 | D:4      | Killed an ogre
  2222 | D:4      | Reached skill level 4 in Axes
  2222 | D:4      | Reached XP level 6. HP: 53/56 MP: 4/4
  2406 | D:4      | Found a blossoming altar of Fedhas.
  2437 | D:4      | Reached skill level 5 in Axes
  2437 | D:4      | Reached skill level 5 in Shields
  2437 | D:4      | Reached XP level 7. HP: 43/63 MP: 4/4
  3100 | D:4      | Reached skill level 5 in Armour
  3211 | D:5      | Entered Level 5 of the Dungeon
  3237 | D:5      | Found a staircase to the Ecumenical Temple.
  3250 | D:5      | Noticed Prince Ribbit
  3290 | D:5      | Reached skill level 6 in Axes
  3290 | D:5      | Reached XP level 8. HP: 47/73 MP: 3/3
  3320 | D:5      | Killed Prince Ribbit
  3530 | Temple   | Entered the Ecumenical Temple
  3566 | Temple   | Became a worshipper of Makhleb the Destroyer
  4125 | D:3      | Cast into level 1 of the Abyss (kobold)
  4150 | Abyss:1  | Noticed a large abomination
  4245 | Abyss:1  | Noticed a sixfirhy
  4250 | Abyss:1  | Slain by a sixfirhy

Illustrated notes

Levels and vault maps discovered:
D:1:      psy_arrival_heroes, layout_basic
D:2:      minmay_roachtagon, layout_loops_ring, overflow_temple_1_default,
          first_ration
D:3:      layout_rooms, nemelex_altar_shiori, lemuel_crystal_altar,
          lemuel_crystal_altar, gammafunk_ghost_nasty_kobolds
D:4:      layout_basic, fedhas_ov_isle_minmay
D:5:      layout_cave_pools, minmay_temple_entry_trees, uniq_prince_ribbit1
Temple:   minmay_temple_bridge_abc
Abyss:1:  base: D:13, base: D:1, hangedman_decor_peaks_small

Skill      XL: |  1  2  3  4  5  6  7  8 |
---------------+-------------------------+-----
Fighting       | 3 4 |  4.7
Axes           | 3 4 5 6 |  6.7
Shields        | 4 5 |  5.9
Dodging        | 1 2 3 4 |  4.0
Armour         | 4 5 |  5.6

Action                   |  1- 3 |  4- 6 |  7- 9 || total
-------------------------+-------+-------+-------++-------
Melee: War axe           |   125 |   169 |   285 ||   579
 Abil: Heal Wounds       |     1 |     5 |    10 ||    16
  Use: Scroll            |       |     2 |       ||     2
  Eat: Ration            |     1 |       |     1 ||     2
       Chunk             |       |     2 |     2 ||     4
Armor: Scale mail        |    58 |    86 |    78 ||   222
Dodge: Dodged            |    72 |    77 |   105 ||   254
Block: Kite shield       |    92 |    87 |   149 ||   328
